 Dungeon Crawl Stone Soup version 0.23.0 (webtiles) character file.

Game seed: 11912552751328306022

6515 ventricule the Martial Artist (level 11, -4/75 HPs)
             Began as an Octopode Transmuter on Feb 11, 2019.
             Was a Believer of Sif Muna.
             Slain by a six-headed hydra (5 damage)
             ... on level 2 of the Lair of Beasts.
             The game lasted 00:49:23 (14511 turns).

ventricule the Martial Artist (OpTm)               Turns: 14511, Time: 00:49:23

Health: -4/75      AC:  6    Str:  7    XL:     11   Next: 0%
Magic:  19/24      EV: 20    Int: 18    God:    Sif Muna [**....]
Gold:   758        SH:  0    Dex: 15    Spells: 1/16 levels left

rFire    x . .     SeeInvis .     - Unarmed
rCold    + + +     Gourm    .   (shield currently unavailable)
rNeg     . . .     Faith    .   (helmet currently unavailable)
rPois    +         Spirit   .   (no amulet)
rElec    .         Reflect  .   s - ring "Cicoz" {Str-4 Dex+3 Slay+1}
rCorr    .         Harm     .   y - ring of magical power {MP+9}
MR       .....                  z - +5 ring of evasion
Stlth    ++........             (no ring)
HPRegen  0.22/turn              (no ring)
MPRegen  0.19/turn              (no ring)
                                (no ring)
                                (no ring)

@: confusing touch, ice-form
A: large, almost no armour, stealthy swim, amphibious, 8 rings, (constrict 8)
a: End Transformation, Divine Energy, Renounce Religion


You were on level 2 of the Lair of Beasts.
You worshipped Sif Muna.
Sif Muna was pleased with you.
You were very hungry.
You were a creature of crystalline ice.
You visited 3 branches of the dungeon, and saw 12 of its levels.
You also visited: Ossuary.

You collected 758 gold pieces.

Inventory:

Hand Weapons
 v - a +0 hunting sling of flaming
Missiles
 g - 89 arrows
 w - 2 tomahawks
 B - 2 throwing nets {=f}
 Q - 262 stones (quivered)
Armour
 a - a +1 buckler
Jewellery
 s - the ring "Cicoz" (left front paw) {Str-4 Dex+3 Slay+1}
   (You acquired it on level 5 of the Dungeon)

   [ring of slaying]

   It affects your strength (-4).
   It affects your dexterity (+3).
   It affects your accuracy and damage with ranged weapons and melee attacks
   (+1).
 y - a ring of magical power (right front paw) {MP+9}
 z - a +5 ring of evasion (on tentacle)
Wands
 b - a wand of polymorph (11)
 k - a wand of clouds (4)
 A - a wand of acid (12)
Scrolls
 c - 7 scrolls of amnesia
 f - 4 scrolls of fog
 i - 4 scrolls of identify
 n - 7 scrolls of remove curse
 o - 5 scrolls of magic mapping {!r}
 t - 3 scrolls of teleportation
Potions
 d - 2 potions of might
 h - 2 potions of haste
 j - a potion of lignification {!q}
 l - 3 potions of heal wounds
 m - a potion of magic
 p - a potion of ambrosia
 q - 7 potions of curing
 r - a potion of flight
 u - a potion of brilliance
Comestibles
 e - 16 rations


   Skills:
 - Level 1.0 Fighting
 + Level 8.4 Dodging
 - Level 2.4 Stealth
 + Level 8.8 Unarmed Combat
 - Level 3.1 Spellcasting
 - Level 2.6 Conjurations
 - Level 1.9 Hexes
 - Level 2.1 Necromancy
 + Level 7.3 Transmutations
 + Level 5.8 Ice Magic
 - Level 2.6 Air Magic
 - Level 3.0 Poison Magic


You had one spell level left.
You knew the following spells:

 Your Spells              Type           Power        Failure   Level  Hunger
a - Ice Form              Ice/Tmut       ####....     11%         4    ####...
b - Confusing Touch       Hex            #.....       8%          1    None
c - Spider Form           Tmut/Pois      ###.......   6%          3    ###....
g - Apportation           Tloc           #.....       16%         1    None
s - Sticks to Snakes      Tmut           ####....     1%          2    ##.....
x - Mephitic Cloud        Conj/Pois/Air  ##......     16%         3    ###....
A - Animate Skeleton      Necr           N/A          7%          1    None

Your spell library contained the following spells:

 Spells                   Type           Power        Failure   Level  Hunger
 Beastly Appendage        Tmut           ####..       1%          1    None
 Sting                    Conj/Pois      ##..         4%          1    None
 Summon Small Mammal      Summ           #...         16%         1    None
 Poisonous Vapours        Pois/Air       ##....       8%          2    ##.....
 Blade Hands              Tmut           ####......   22%         5    ######.
 Call Imp                 Summ           #.......     24%         2    ##.....
 Summon Guardian Golem    Hex/Summ       #.......     32%         3    ###....
 Call Canine Familiar     Summ           #.......     43%         3    ###....
 Olgreb's Toxic Radiance  Pois           ##......     43%         4    ####...
 Summon Ice Beast         Ice/Summ       ##......     43%         4    ####...
 Summon Lightning Spire   Summ/Air       #.......     67%         4    ####...
 Venom Bolt               Conj/Pois      ##........   80%         5    ######.


Dungeon Overview and Level Annotations

Branches:
Dungeon (9/15)             Temple (1/1) D:7            Lair (2/6) D:8
  Swamp: Lair:2-4    Shoals: Lair:2-4     Snake: Lair:2-4    Spider: Lair:2-4
    Orc: D:9-12

Altars:
Ashenzari
Cheibriados
Dithmenos
Elyvilon
Fedhas
Gozag
Hepliaklqana
Kikubaaqudgha
Makhleb
Nemelex Xobeh
Okawaru
Qazlal
Ru
Sif Muna
Trog
Uskayaw
Vehumet
Wu Jian
Xom
Yredelemnul
Zin
The Shining One

Shops:
D:6 !

Annotations:
D:9 Harold


Innate Abilities, Weirdness & Mutations

You cannot wear most types of armour.
You are very stealthy in the water. (Stealth+)
You are amphibious.
You can wear up to eight rings at the same time.
((You can use your tentacles to constrict eight enemies at once.))
((Your skin changes colour to match your surroundings (Stealth+).))
((Your rubbery body absorbs attacks. (AC +1, EV +1)))


Message History

The six-headed hydra bites you!! The six-headed hydra bites you.
The six-headed hydra closely misses you.
The six-headed hydra bites you. The six-headed hydra bites you!!
* * * LOW HITPOINT WARNING * * *
The six-headed hydra bites you!
* * * LOW HITPOINT WARNING * * *
You take 54 damage, and have 21/75 hp.
MASSIVE DAMAGE!!
Okay, then.
You feel much better. The six-headed hydra bites you!!
* * * LOW HITPOINT WARNING * * *
The six-headed hydra bites you!
* * * LOW HITPOINT WARNING * * *
The six-headed hydra bites you.
* * * LOW HITPOINT WARNING * * *
The six-headed hydra bites you!
* * * LOW HITPOINT WARNING * * *
The six-headed hydra bites you but does no damage.
The six-headed hydra bites you.
You die...

#..........
#.........#
#.........#.
#........#..
#...........
#...........
#..........#
#..YD......
##.........
##........
...#....#
#.......#
#..P....#
#..#. ..#
#.......#


You could see a six-headed hydra.

Levels and vault maps discovered:
D:1:      kennysheep_arrival_forest, layout_loops_cross,
          chequers_serial_rivers_micro_b
D:2:      layout_basic, serial_curves, eino_curves_04, eino_curves_04,
          first_ration
D:3:      layout_loops_corners
D:4:      layout_layer_cave, eat_drink_and_be_merry_uskayaw,
          hangedman_abyss_or_decor_lesser_grid, kennysheep_generic_room_14
D:5:      layout_loops_cross, chequers_temple_overflow_statue_of_worship,
          tgw_trog, gammafunk_temple_overflow_wave, enter_ossuary_4
D:6:      layout_basic, serial_shops, nicolae_shop_stone, uniq_duvessa
D:7:      layout_basic, nicolae_overflow_hidden_temple,
          nicolae_dithmenos_the_darkroom, minmay_temple_entry_large_hall
D:8:      layout_layer_cave, lair_entry_dummy, basic_altar, nrook_loot_triangle,
          hangedman_pestilent_swarm
D:9:      layout_rooms, nemelex_altar_shiori, minmay_bent, uniq_harold
Temple:   nicolae_temple_x_marks_the_god
Lair:1:   layout_regular_city, nicolae_quartered_pool_little,
          lemuel_fruit_fields
Lair:2:   cheibrodos_lair_overgrown_chateau, layout_cave_pods, special_room
          [special_room_bee], patterned_corridor, serial_bayou_shore_b,
          infiniplex_staircase_pool, serial_bayou_shore_b, lemuel_fruit_tree,
          serial_bayou_shore_b
Ossuary:  ossuary_tomb_2

Notes
Turn   | Place    | Note
-------+----------+-------------------------------------------
     0 | D:1      | ventricule the Octopode Transmuter began the quest for the
                  | Orb.
     0 | D:1      | Reached XP level 1. HP: 13/13 MP: 3/3
    35 | D:1      | Identified a +0 short sword
   509 | D:1      | Reached XP level 2. HP: 18/18 MP: 3/5
   553 | D:1      | Identified a +0 club
   660 | D:1      | Learned a level 2 spell: Sticks to Snakes
   802 | D:1      | Identified a +0 dagger
   920 | D:1      | Identified a +0 whip
   993 | D:2      | Identified a +0 club
  1002 | D:2      | Identified a +0 club
  1003 | D:2      | Identified a cursed -3 club
  1078 | D:2      | Reached XP level 3. HP: 23/23 MP: 4/6
  1367 | D:2      | Learned a level 3 spell: Spider Form
  1660 | D:2      | Identified a +0 robe
  1727 | D:2      | Identified a +0 club
  1809 | D:2      | Identified a +0 club
  1817 | D:2      | Reached XP level 4. HP: 22/28 MP: 3/7
  1821 | D:2      | Reached skill level 1 in Stealth
  1821 | D:2      | Reached skill level 1 in Poison Magic
  2073 | D:2      | Learned a level 1 spell: Animate Skeleton
  2266 | D:2      | Reached skill level 3 in Dodging
  3009 | D:3      | Identified a +0 flail
  3009 | D:3      | Identified a +0 spear
  3249 | D:3      | Reached XP level 5. HP: 33/33 MP: 8/8
  3255 | D:3      | Learned a level 1 spell: Confusing Touch
  3260 | D:3      | Identified 4 scrolls of magic mapping
  3261 | D:3      | Identified 2 scrolls of remove curse
  3262 | D:3      | Identified a scroll of random uselessness
  3263 | D:3      | Identified a scroll of teleportation
  3264 | D:3      | Identified a scroll of fog
  3265 | D:3      | Identified 2 scrolls of identify
  3265 | D:3      | Identified 3 potions of curing
  3266 | D:3      | Identified a scroll of blinking
  3267 | D:3      | Identified a scroll of immolation
  3268 | D:3      | Identified 2 scrolls of amnesia
  3269 | D:3      | Identified 3 potions of lignification
  3288 | D:3      | Reached skill level 4 in Unarmed Combat
  3420 | D:3      | Identified a scroll of enchant armour
  3421 | D:3      | Identified 2 potions of might
  3440 | D:3      | Reached skill level 2 in Stealth
  3638 | D:3      | Reached skill level 1 in Necromancy
  3800 | D:4      | Reached skill level 2 in Poison Magic
  3878 | D:4      | Identified a +0 flail
  3880 | D:4      | Identified a +0 dagger
  3880 | D:4      | Identified a +0 robe
  3881 | D:4      | Identified a +0 dagger
  3881 | D:4      | Identified a +0 robe
  3894 | D:4      | Reached skill level 1 in Hexes
  3894 | D:4      | Reached XP level 6. HP: 20/38 MP: 5/9
  3900 | D:4      | HP: 9/38 [orc wizard/puff of frost (8)]
  4202 | D:4      | Identified a +0 dagger
  4204 | D:4      | Identified a +1 hand axe of freezing
  4204 | D:4      | Identified a +0 leather armour
  4373 | D:4      | Identified a +0 giant spiked club
  4381 | D:4      | Identified a +0 ring mail
  4731 | D:4      | Found a hide-covered altar of Uskayaw.
  4806 | D:4      | Reached skill level 2 in Necromancy
  5020 | D:4      | Reached skill level 3 in Poison Magic
  5020 | D:4      | Reached XP level 7. HP: 43/43 MP: 6/10
  5039 | D:4      | Identified a +0 mace
  5039 | D:4      | Identified a cursed -3 whip
  5040 | D:4      | Identified a +0 club
  5040 | D:4      | Identified a +0 ring mail
  5316 | D:5      | Entered Level 5 of the Dungeon
  5325 | D:5      | Found a sand-covered staircase.
  5374 | Ossuary  | Entered an ossuary
  5474 | Ossuary  | Reached skill level 4 in Dodging
  5481 | Ossuary  | Reached skill level 3 in Transmutations
  5798 | Ossuary  | Reached skill level 5 in Unarmed Combat
  5929 | D:5      | Identified a scroll of torment
  6066 | D:5      | Identified a scroll of acquirement
  6066 | D:5      | ventricule: ??order
  6066 | D:5      | beem: hyperelliptic[1/2]: Lair -> D:12 -> Orc -> D:15 ->
                  | S:3 -> maybe other S:3 -> maybe Elf:1-2 -> get one S rune
                  | -> Vaults:4 -> get second S rune -> maybe Crypt -> Depths:5
                  | -> get three runes -> Zot ("S" means
                  | Shoals/Snake/Spider/Swamp)
  6066 | D:5      | ventricule: ??order[2]
  6066 | D:5      | beem: order[2/3]: How to live fast and die hard: Slowly
                  | dive to temple -> dive to lair -> dive to lair:8 -> clear
                  | lair:8 end -> first lair branch -> second lair branch ->
                  | dive to vaults -> don't die in vaults:5 -> dive to zot:5 ->
                  | don't die -> win
  6069 | D:5      | Got a crude lead ring
  6070 | D:5      | Identified the ring "Cicoz" {Str-4 Dex+3 Slay+1} (You
                  | acquired it on level 5 of the Dungeon)
  6110 | D:5      | Noticed a moth of wrath
  6112 | D:5      | Found a bloodstained altar of Trog.
  6267 | D:5      | You fall through a shaft for 3 floors!
  6272 | D:7      | Identified a +0 giant spiked club
  6293 | D:7      | Reached skill level 4 in Transmutations
  6293 | D:7      | Reached XP level 8. HP: 26/48 MP: 9/11
  6429 | D:7      | Found a staircase to the Ecumenical Temple.
  6438 | Temple   | Entered the Ecumenical Temple
  6504 | Temple   | Became a worshipper of Sif Muna the Loreminder
  6517 | D:7      | Found a sacrificial altar of Ru.
  6518 | D:7      | Identified a +0 hand axe
  6518 | D:7      | Identified a +0 ring mail
  6518 | D:7      | Identified a +0 trident
  6518 | D:7      | Identified a +0 leather armour
  6518 | D:7      | Identified a +0 hand axe
  6521 | D:7      | Identified a +0 club
  6524 | D:7      | Identified a +0 flail
  6530 | D:7      | Identified a +0 shortbow
  6993 | D:7      | Identified a +0 club
  6993 | D:7      | Identified a +0 chain mail
  6994 | D:7      | Identified a +0 flail
  6996 | D:7      | Identified a +0 short sword
  7007 | D:7      | Reached skill level 5 in Dodging
  7166 | D:7      | Learned a level 4 spell: Ice Form
  7248 | D:7      | Identified a +0 hunting sling of velocity (You found it on
                  | level 7 of the Dungeon)
  7287 | D:6      | Identified a +0 giant spiked club
  7292 | D:6      | Identified a +2 falchion of holy wrath
  7292 | D:6      | Identified a +0 leather armour
  7340 | D:6      | Identified a +0 dagger
  7340 | D:6      | Identified a +0 leather armour
  7359 | D:6      | Found Mupp's Distillery.
  7375 | D:6      | Reached skill level 1 in Ice Magic
  7467 | D:5      | Found a shattered altar of Ashenzari.
  7467 | D:5      | Found a burning altar of Makhleb.
  7493 | D:5      | Identified a +0 giant club
  7501 | D:5      | HP: 9/48 [ogre/+0 giant club (26)]
  7811 | D:5      | Found an ornate altar of the Wu Jian Council.
  7812 | D:5      | Found a blossoming altar of Fedhas.
  7814 | D:5      | Found a shimmering altar of Xom.
  7840 | D:5      | Identified a +0 dagger
  7994 | D:5      | HP: 6/48 [ice beast (8)]
  8013 | D:5      | Reached skill level 6 in Unarmed Combat
  8014 | D:5      | Identified a ring of magical power (You found it on level 5
                  | of the Dungeon)
  8259 | D:5      | Reached skill level 2 in Ice Magic
  8539 | D:5      | ventricule: ??moth of wrath
  8539 | D:5      | beem: moth of wrath[1/1]: Monster which has a surgically
                  | implanted larynx to scare off adventurers. They send other
                  | monsters (and you!) berserk. Seen only in Spider, Zot,
                  | Ziggurats and in a Trog altar vault, so if you see it
                  | anywhere else it's a shapeshifter. When a moth of wrath's
                  | melee attack hits, the victim has a 1/3 chance of going
                  | berserk.
  8548 | D:5      | ventricule: ??iron grate
  8548 | D:5      | beem: iron grate[1/1]: It slams shut! Blocks travel, fire,
                  | but not line of sight. Can blink and smite-target through
                  | it. Can be removed with anything that can destroy a rock
                  | wall.
  8548 | D:5      | ventricule: ??rock wall
  8548 | D:5      | beem: rock wall[1/1]: The basic fabric of ordinary dungeon
                  | levels (Pan's weird stuff is functionally identical, too).
                  | Unlike other kinds of wall, it can be removed by wand of
                  | digging, Summon Elemental, Dissolution, and bolts of
                  | energy. Shatter and Corruption also destroy them easily.
  8601 | D:6      | Identified a +0 giant spiked club
  8601 | D:6      | Identified a +0 dagger
  8601 | D:6      | Identified a +0 robe
  8601 | D:6      | Identified a cursed +6 dagger
  8601 | D:6      | Identified a +0 robe
  8601 | D:6      | Identified a cursed +3 spear
  8601 | D:6      | Identified a +0 robe
  8619 | D:6      | Reached skill level 5 in Transmutations
  8628 | D:6      | Reached * piety under Sif Muna
  8833 | D:6      | Identified a +0 spear
  8837 | D:6      | Reached skill level 6 in Dodging
  8837 | D:6      | Reached skill level 3 in Ice Magic
  8837 | D:6      | Reached XP level 9. HP: 50/53 MP: 12/12
  8846 | D:6      | Identified a +0 short sword
  8846 | D:6      | Identified a +0 leather armour
  8846 | D:6      | Noticed Duvessa
  8925 | D:6      | Killed Duvessa
  8925 | D:6      | Identified a +0 dagger
  8925 | D:6      | Identified a +0 robe
  8925 | D:6      | Noticed Dowan
  9057 | D:6      | Killed Dowan
  9164 | D:6      | Identified a +0 dagger
  9181 | D:6      | Identified a +0 dagger
  9224 | D:6      | Identified a +0 dagger
  9224 | D:6      | Identified a +0 robe
  9234 | D:6      | Identified a +0 antimagic trident
  9236 | D:6      | Identified a +0 dagger
  9236 | D:6      | Identified a +0 ring mail
  9240 | D:6      | Identified a +0 whip
  9240 | D:6      | Identified a +0 leather armour
  9583 | D:7      | Found a shadowy altar of Dithmenos.
  9589 | D:7      | Identified a +0 scale mail
  9589 | D:7      | Identified a cursed +0 buckler
  9751 | D:7      | Identified a +0 shortbow
  9761 | D:7      | Reached skill level 7 in Unarmed Combat
 10373 | D:6      | Reached skill level 3 in Spellcasting
 10396 | D:6      | Reached skill level 6 in Transmutations
 10396 | D:6      | Reached skill level 4 in Ice Magic
 10402 | D:6      | Learned a level 3 spell: Mephitic Cloud
 10592 | D:6      | Identified a +0 dagger
 10592 | D:6      | Identified a +0 robe
 10593 | D:6      | Identified a +0 flail
 10593 | D:6      | Identified a cursed +0 leather armour
 10594 | D:6      | Identified a +0 dagger
 10594 | D:6      | Identified a +0 robe
 10742 | D:8      | Reached skill level 1 in Conjurations
 10742 | D:8      | Reached skill level 1 in Air Magic
 10781 | D:8      | Identified a scroll of vulnerability
 10782 | D:8      | Identified a scroll of holy word
 10822 | D:8      | Noticed a hornet
 10826 | D:8      | Noticed a hornet
 10832 | D:8      | Killed a hornet
 10840 | D:8      | Killed a hornet
 10840 | D:8      | Reached skill level 7 in Dodging
 10840 | D:8      | Reached skill level 2 in Conjurations
 10840 | D:8      | Reached skill level 2 in Air Magic
 10840 | D:8      | Reached XP level 10. HP: 58/58 MP: 14/14
 10846 | D:8      | Reached ** piety under Sif Muna
 11361 | D:8      | Found a staircase to the Lair.
 11369 | D:8      | Found a glowing silver altar of Zin.
 11900 | D:9      | Found a sparkling altar of Nemelex Xobeh.
 11983 | D:9      | Identified a scroll of noise
 12126 | D:9      | Identified a +0 dire flail
 12126 | D:9      | Identified a +0 great mace
 12126 | D:9      | Noticed a two-headed ogre
 12226 | D:9      | Identified a +0 scimitar
 12226 | D:9      | Identified a +3 amulet of reflection
 12238 | D:9      | Identified a +0 glaive
 12238 | D:9      | Identified a +0 chain mail
 12238 | D:9      | Noticed Harold
 12440 | D:9      | Reached skill level 8 in Unarmed Combat
 12480 | D:9      | Identified a +0 long sword
 12480 | D:9      | Identified a +0 robe
 12480 | D:9      | Identified an uncursed amulet of the gourmand
 12480 | D:9      | Noticed a rakshasa
 12657 | Lair:1   | Entered Level 1 of the Lair of Beasts
 12667 | Lair:1   | Noticed a black mamba
 12675 | Lair:1   | Killed a black mamba
 12890 | D:8      | Identified 5 potions of heal wounds
 12891 | D:8      | Identified a ring of evasion (You found it on level 9 of
                  | the Dungeon)
 12892 | D:8      | Identified 3 potions of haste
 12893 | D:8      | Identified a potion of flight
 12894 | D:8      | Identified a potion of magic
 12895 | D:8      | Identified a potion of ambrosia
 12896 | D:8      | Identified a potion of brilliance
 12897 | D:8      | Identified a scroll of brand weapon
 13017 | Lair:1   | ventricule: ??flash freeze
 13017 | Lair:1   | beem: flash freeze[1/1]: A conjuration on Antaeus in 0.14
                  | (and rime drakes in 0.18), and a random chance per {blood
                  | saint} {legendary destruction} cast. Does partially
                  | irresistible cold damage, decently hurts. Gives a Frozen
                  | status that slows the targets movement for three turns, but
                  | also blocks flash freeze being cast on said target.
 13029 | Lair:1   | Reached skill level 5 in Ice Magic
 13203 | Lair:1   | Noticed a spiny frog
 13220 | Lair:1   | Killed a spiny frog
 13220 | Lair:1   | Reached skill level 8 in Dodging
 13227 | Lair:1   | HP: 15/69 [porcupine (9)]
 13231 | Lair:1   | Reached skill level 7 in Transmutations
 13234 | Lair:1   | HP: 8/69 [porcupine's spines (12)]
 13697 | Lair:1   | Learned a level 1 spell: Apportation
 13756 | Lair:1   | Noticed a spiny frog
 13836 | Lair:1   | Killed a spiny frog
 14102 | Lair:1   | Reached XP level 11. HP: 55/63 MP: 15/15
 14506 | Lair:2   | Noticed a six-headed hydra
 14511 | Lair:2   | HP: 15/75 [six-headed hydra (6)]
 14511 | Lair:2   | HP: 1/75 [six-headed hydra (14)]
 14511 | Lair:2   | Slain by a six-headed hydra

Table legend:
 A = Turns spent in this place as a percentage of turns spent in the entire game.
 B = Non-inter-level travel turns spent in this place as a percentage of non-inter-level travel turns spent in the entire game.
 C = Inter-level travel turns spent in this place as a percentage of turns spent in this place.
 D = Turns resting spent in this place as a percentage of non-inter-level travel turns spent in this place.
 E = Turns spent auto-exploring this place as a percentage of non-inter-level travel turns spent in this place.
 F = Non-inter-level travel turns spent in this place divided by the number of levels of this place that you've seen.
                   A       B       C       D       E      F
               +-------+-------+-------+-------+-------+----------------------
         Total | 100.0 | 100.0 |   4.5 |  41.2 |  39.1 | 1066.0
       Dungeon |  85.1 |  84.6 |   5.0 |  40.0 |  42.3 | 1302.9
        Temple |   0.5 |   0.5 |   4.2 |   0.0 |  20.6 |  68.0
          Lair |  10.6 |  10.9 |   1.9 |  45.7 |  29.9 | 755.0
       Ossuary |   3.8 |   4.0 |   0.0 |  59.4 |   0.0 | 554.0
               +-------+-------+-------+-------+-------+----------------------

Table legend:
 A = Kills in this place as a percentage of kills in entire the game.
 B = Kills by you in this place as a percentage of kills by you in the entire game.
 C = Kills by friends in this place as a percentage of kills by friends in the entire game.
 D = Other kills in this place as a percentage of other kills in the entire game.
 E = Experience gained in this place as a percentage of experience gained in the entire game.
 F = Experience gained in this place divided by the number of levels of this place that you have seen.
                   A       B       C       D       E      F
               +-------+-------+-------+-------+-------+----------------------
         Total | 100.0 | 100.0 | 100.0 | 100.0 | 100.0 | 716.0
       Dungeon |  79.5 |  79.2 |  83.3 | 100.0 |  64.6 | 667.9
          Lair |   5.2 |   5.0 |  16.7 |   0.0 |  32.6 | 1518.0
       Ossuary |  15.3 |  15.8 |   0.0 |   0.0 |   2.8 | 261.0
               +-------+-------+-------+-------+-------+----------------------

Skill      XL: |  1  2  3  4  5  6  7  8  9 10 |
---------------+-------------------------------+-----
Stealth        | 1 2 |  2.4
Poison Magic   | 1 2 3 |  3.0
Dodging        | 3 4 6 7 8 |  8.4
Unarmed Combat | 4 5 6 7 8 |  8.8
Necromancy     | 1 2 |  2.1
Hexes          | 1 |  1.9
Transmutations | 4 5 6 7 |  7.3
Ice Magic      | 3 4 5 |  5.8
Spellcasting   | 3 |  3.1
Conjurations   | 2 |  2.6
Air Magic      | 2 |  2.6
Fighting       | |  1.0

Action                   |  1- 3 |  4- 6 |  7- 9 | 10-12 || total
-------------------------+-------+-------+-------+-------++-------
Melee: Unarmed           |   109 |   107 |   458 |   137 ||   811
       Constrict         |    21 |     7 |    69 |     6 ||   103
       Kick              |     4 |       |       |       ||     4
       Punch             |     4 |     2 |    13 |     3 ||    22
       Tentacles         |     3 |     3 |    55 |     8 ||    69
Throw: Stone             |       |     3 |       |       ||     3
 Cast: Beastly Appendage |     7 |       |       |       ||     7
       Spider Form       |     3 |    15 |    23 |     6 ||    47
       Sticks to Snakes  |     1 |       |     3 |     2 ||     6
       Animate Skeleton  |       |     6 |    14 |     7 ||    27
       Confusing Touch   |       |     2 |     9 |     4 ||    15
       Ice Form          |       |       |     1 |     8 ||     9
       Mephitic Cloud    |       |       |     2 |     4 ||     6
 Abil: End Transformatio |       |     1 |       |       ||     1
Evoke: Wand              |       |       |     4 |     1 ||     5
  Use: Scroll            |       |    12 |     6 |     8 ||    26
       Potion            |       |       |     2 |     7 ||     9
 Stab: Sleeping          |     2 |     5 |     8 |     3 ||    18
       Confused          |       |       |     8 |     5 ||    13
       Distracted        |       |       |       |     1 ||     1
  Eat: Chunk             |     4 |    12 |    19 |     3 ||    38
       Ration            |       |       |     1 |     3 ||     4
Armor: Skin              |    12 |     4 |    20 |    18 ||    54
Dodge: Dodged            |    97 |    66 |   254 |    86 ||   503

Vanquished Creatures
  A black mamba (Lair:1)
  2 rime drakes (Lair:1)
  2 spiny frogs (Lair:1)
  A komodo dragon (D:9)
  A hornet (D:8)
  2 soldier ants (D:8)
  A water moccasin (Lair:1)
  Duvessa (D:6)
  3 porcupines (Lair:1)
  3 black bears
  A phantom (D:6)
  2 ice beasts
  A necrophage (D:6)
  5 ogres
  2 centaurs (D:7)
  A crocodile (Lair:1)
  6 bullfrogs
  A water moccasin zombie (Ossuary)
  Dowan (D:6)
  2 scorpions
  3 wights (D:6)
  4 killer bees (D:8)
  A jelly (D:3)
  4 howler monkeys
  2 crimson imps
  2 hounds
  2 centaur zombies
  7 orc priests
  A bullfrog skeleton (D:8)
  5 orc wizards
  9 worker ants
  3 big kobold zombies (Ossuary)
  A hound skeleton (D:5)
  2 mummies (Ossuary)
  6 gnolls
  10 adders
  A shadow imp (D:9)
  An ooze (D:5)
  7 adder zombies (Ossuary)
  An adder skeleton (D:7)
  3 worms
  2 dart slugs
  10 leopard geckos
  22 orcs
  5 bats
  2 giant cockroaches (D:2)
  3 gnoll zombies (Ossuary)
  4 goblins
  7 hobgoblins
  9 jackals
  5 quokkas
  4 frilled lizards
  A giant cockroach zombie (D:5)
  A goblin zombie (D:5)
  8 hobgoblin zombies (Ossuary)
  6 kobolds
  5 kobold zombies (Ossuary)
  6 orc zombies (Ossuary)
  A quokka skeleton (D:4)
  A quokka zombie (D:5)
  7 rats
223 creatures vanquished.

Vanquished Creatures (collateral kills)
  A rime drake (Lair:1)
  A hornet (D:8)
  A bullfrog (D:8)
  A howler monkey (D:7)
  A hound (D:9)
  A frilled lizard (D:3)
6 creatures vanquished.

Grand Total: 229 creatures vanquished
